 Dungeon Crawl Stone Soup version 0.29-a0-369-gd956c00756 (webtiles) character file.

Game seed: 3757193297395509015

79701 diecastcamel the Brawler (level 15, -2/152 HPs)
             Began as a Troll Fighter on Apr 30, 2022.
             Was the Champion of Okawaru.
             Slain by an entropy weaver (9 damage)
             ... on level 2 of the Lair of Beasts on May 1, 2022.
             The game lasted 02:11:59 (19488 turns).

diecastcamel the Brawler (Troll Fighter)           Turns: 19488, Time: 02:11:59

Health: -2/152     AC: 13    Str: 28    XL:     15   Next: 21%
Magic:  14/14      EV: 12    Int:  6    God:    Okawaru [******]
Gold:   803        SH: 10    Dex: 13    Spells: 14/14 levels left

rFire   + . .      SeeInvis .     - Unarmed
rCold   . . .      Faith    .   b - +0 kite shield
rNeg    . . .      Spirit   .   J - +0 acid dragon scales
rPois   +          Reflect  .   P - +1 hat of Cuyjoj Raer {rF+ Regen+}
rElec   .          Harm     .   L - +1 cloak
rCorr   +          Rampage  .   (gloves unavailable)
Will    +....                   (boots unavailable)
Stlth   +.........              M - amulet of regeneration
HPRegen 2.75/turn               s - +4 ring of protection
MPRegen 0.14/turn               X - ring of poison resistance

@: corroded, studying Dodging
A: large, unfitting armour, claws 3, regeneration 1, shaggy fur 1, tough skin 1
a: Renounce Religion, Heroism, Finesse, Duel


You were on level 2 of the Lair of Beasts.
You worshipped Okawaru.
Okawaru was exalted by your worship.
You visited 4 branches of the dungeon, and saw 20 of its levels.
You also visited: Sewer.

You collected 2211 gold pieces.
You spent 1408 gold pieces at shops.

Inventory:

Hand Weapons
 t - a +4 whip of protection
Missiles
 A - 24 large rocks (quivered)
 N - 3 silver javelins
 O - 5 boomerangs of dispersal
 V - 2 javelins
Armour
 b - a +0 kite shield (worn)
 c - a +0 troll leather armour
 H - +0 fire dragon scales
 J - +0 acid dragon scales (worn)
 L - a +1 cloak (worn)
 P - the +1 hat of Cuyjoj Raer (worn) {rF+ Regen+}
   (Okawaru gifted it to you on level 2 of the Lair of Beasts)

   rF:        It protects you from fire.
   Regen:     It increases your rate of health regeneration.
 S - the +4 skin of Zhor {*Englaciate rC+++ SInv}
   (Okawaru gifted it to you on level 6 of the Lair of Beasts)

   It radiates cold, occasionally slowing all nearby creatures who are not
   resistant to cold.
   rC:        It renders you almost immune to cold.
   SInv:      It lets you see invisible.
 W - the +1 robe of Insecurity {rElec}
   (Okawaru gifted it to you on level 6 of the Lair of Beasts)

   rElec:     It insulates you from electricity.
Jewellery
 g - a ring of positive energy
 n - a ring of protection from cold
 s - a +4 ring of protection (left claw)
 D - a +6 ring of strength
 F - an amulet of reflection
 G - a ring of resist corrosion
 M - an amulet of regeneration (around neck)
 Q - the ring "Idumahud" {Ice Will+}
   (You found it on level 4 of the Lair of Beasts)

   [ring of ice]

   It enhances your ice magic.
   rF:        It makes you vulnerable to fire.
   rC:        It protects you from cold.
   Will:      It increases your willpower.
 X - a ring of poison resistance (right claw)
Wands
 y - a wand of mindburst (12)
 B - a wand of iceblast (13)
 C - a wand of acid (10)
 E - a wand of paralysis (11)
 K - a wand of flame (69)
Scrolls
 f - 3 scrolls of fear
 l - 2 scrolls of magic mapping
 p - 7 scrolls of teleportation
 q - 3 scrolls of brand weapon
 z - a scroll of enchant armour
 I - 5 scrolls of blinking
 R - a scroll of silence
 U - a scroll of fog
Potions
 d - a potion of brilliance {unknown}
 e - 9 potions of curing
 h - 3 potions of magic {unknown}
 i - 6 potions of lignification
 j - 2 potions of flight
 m - a potion of invisibility {unknown}
 o - 2 potions of haste
 r - 3 potions of mutation {unknown}
 u - a potion of ambrosia {unknown}
 v - 3 potions of heal wounds {unknown}
 w - 4 potions of berserk rage
 x - 3 potions of resistance {unknown}


   Skills:
 + Level 10.4 Fighting
 - Level 10.0 Throwing
 + Level 7.9 Armour
 + Level 9.6 Dodging
 - Level 8.0 Shields
 + Level 15.3 Unarmed Combat


You had 14 spell levels left.
You didn't know any spells.
Your spell library contained the following spells:

 Spells                   Type           Power      Damage    Failure   Level
 Apportation              Tloc           0%         N/A       75%         1
 Sandblast                Erth           0%         2d4       75%         1
 Blink                    Tloc           0%         N/A       87%         2
 Ensorcelled Hibernation  Hex/Ice        0%         N/A       87%         2
 Passwall                 Tmut/Erth      0%         N/A       87%         2
 Gell's Gravitas          Tloc           0%         N/A       98%         3
 Ignite Poison            Fire/Tmut/Pois 0%         N/A       98%         3
 Lesser Beckoning         Tloc           0%         N/A       98%         3
 Mephitic Cloud           Conj/Pois/Air  0%         N/A       98%         3
 Ozocubu's Armour         Ice            0%         N/A       98%         3
 Stone Arrow              Conj/Erth      0%         3d7       98%         3
 Swiftness                Air            0%         N/A       98%         3
 Teleport Other           Tloc           0%         N/A       98%         3
 Passage of Golubria      Tloc           0%         N/A       100%        4
 Petrify                  Tmut/Erth      0%         N/A       100%        4
 Alistair's Intoxication  Tmut/Pois      0%         N/A       100%        5
 Freezing Cloud           Conj/Ice/Air   0%         6-21      100%        5
 Manifold Assault         Tloc           0%         N/A       100%        5
 Metabolic Englaciation   Hex/Ice        0%         N/A       100%        5
 Yara's Violent Unravell  Hex/Tmut       0%         3d3       100%        5
 Statue Form              Tmut/Erth      0%         N/A       100%        6
 Storm Form               Tmut/Air       0%         N/A       100%        7
 Tukima's Dance           Hex            Unusable   N/A       N/A         3
 Simulacrum               Ice/Necr       Unusable   N/A       N/A         6

Dungeon Overview and Level Annotations

Branches:
Dungeon (11/15)            Temple (0/1) D:7            Lair (6/6) D:10
  Swamp (0/4) Lair:2       Spider (1/4) Lair:2        Slime (0/5) Lair:5
    Orc (2/2) D:10            Elf (0/3) Orc:2         Sewer (visited)

Altars:
Ashenzari
Cheibriados
Dithmenos
Elyvilon
Fedhas
Gozag
Makhleb
Okawaru
Trog
Uskayaw
Vehumet
Wu Jian
Yredelemnul
Zin
Beogh
Lugonu

Shops:
D:3 (   D:5 !   D:8 !:[(   Orc:1 ?   Orc:2 =([*

Portals:
Abyss: Lair:6

Annotations:
Lair:2 Rupert
Lair:6 1 runed translucent door, Gicorar's ghost, journeyman GrEE


Innate Abilities, Weirdness & Mutations

You are too large for most types of armour.
You have claws for hands.
Your natural rate of healing is unusually fast.
You are covered in fur. (AC +1)
You have tough skin. (AC +1)


Message History

The entropy weaver attacks as you move away!
The entropy weaver hits you but does no damage. x3
The entropy weaver closely misses you. The tarantella touches you.
The entropy weaver casts a spell at you.
The tarantella touches you! The tarantella touches you!
You miss the tarantella. The tarantella closely misses you.
The tarantella barely misses you. The entropy weaver misses you.
The entropy weaver hits you but does no damage.
The entropy weaver hits you. x2
You are too confused!
You closely miss the entropy weaver.
The entropy weaver is lightly wounded.
The tarantella barely misses you. The tarantella touches you!!
* * * LOW HITPOINT WARNING * * *
You are more confused.
The entropy weaver hits you but does no damage.
The entropy weaver hits you.
* * * LOW HITPOINT WARNING * * *
The entropy weaver hits you!
* * * LOW HITPOINT WARNING * * *
The entropy weaver hits you but does no damage.
The tarantella barely misses you.
You barely miss the entropy weaver.
The entropy weaver is lightly wounded.
You feel less confused. The tarantella touches you!
* * * LOW HITPOINT WARNING * * *
You block the tarantella's attack. The entropy weaver hits you.
* * * LOW HITPOINT WARNING * * *
The entropy weaver hits you but does no damage.
The entropy weaver hits you.
* * * LOW HITPOINT WARNING * * *
You block the entropy weaver's attack.
The entropy weaver attacks as you move away!
The entropy weaver hits you but does no damage.
The entropy weaver hits you.
* * * LOW HITPOINT WARNING * * *
The entropy weaver hits you!
You die...

###.##### #####+.#####.......
.##.### ### #......##.####.....
#.#'..####.# #......PP..........
.....^....## #......'..####.....
...........######....##.# #......
..............###>..##### ##.....
.............###.†.## ##>....
#.........#.###.sB..# #......
#.........##.##.@...##### ##.....
+........######....##.#.# #.....
#.......###....#.#.#....####.....
######.###....#^#.#.#....#.###.P#
#..##....#.#.#.#.....†## ####
##.##.....#.#)#.#..^..#
##...###...##.#.##...###
#.##..########..#.####
#####.#######...###


You could see an entropy weaver and a tarantella (berserk).

Vanquished Creatures
  Donald (Orc:2)
  A fire dragon (Lair:4)
  2 boulder beetles
  6 hydras
  2 ogre magi (Orc:2)
  9 two-headed ogres
  2 thrashing horrors (Lair:6)
  An orc high priest (Orc:1)
  4 death yaks (Lair:3)
  Amaemon (D:8)
  2 deep trolls (Orc:2)
  2 lindwurms
  An orc knight (D:10)
  4 orc sorcerers
  An oklob plant (Lair:4)
  A moth of wrath (Lair:2)
  4 cyclopes
  22 elephants
  Maurice (D:10)
  10 black mambas
  A gargoyle (D:7)
  2 smoke demons (Lair:6)
  13 cane toads
  An orange demon (D:8)
  5 large abominations (Lair:6)
  2 rime drakes
  10 trolls
  An ancient zyme (Lair:6)
  11 komodo dragons
  A polar bear (D:10)
  Grinder (D:4)
  A hornet (D:9)
  20 blink frogs
  Prince Ribbit (D:7)
  A jumping spider (Spider:1)
  3 wraiths (D:11)
  3 culicivoras (Lair:2)
  6 wyverns
  A spriggan (Lair:6)
  63 yaks
  Grum (D:9)
  4 ynoxinuls (Lair:6)
  17 basilisks
  2 chaos spawn (Lair:6)
  A redback (Spider:1)
  4 vampire mosquitoes (D:10)
  A warg (D:10)
  2 acid dragons (D:11)
  28 water moccasins
  A meliai simulacrum (D:10)
  2 ice beasts
  21 orc warriors
  4 black bears
  2 sky beasts
  9 small abominations (Lair:6)
  25 ogres
  13 wolves
  3 centaurs
  2 phantoms (D:6)
  A kobold brigand (D:11)
  A necrophage (D:6)
  4 scorpions
  11 bullfrogs
  3 wights (D:9)
  9 killer bees (D:8)
  A howler monkey (D:9)
  A hound (D:4)
  3 jellies
  A gnoll shaman (D:9)
  13 orc priests
  7 iguanas
  24 orc wizards
  Robin (D:4)
  4 gnolls
  9 adders
  A river rat (D:3)
  7 white imps
  An ufetubus (D:10)
  2 worms (D:2)
  2 dart slugs
  72 orcs
  5 endoplasms
  4 giant cockroaches
  18 goblins
  15 hobgoblins
  6 jackals
  15 kobolds
  6 quokkas
  13 ball pythons
  7 bats
  2 frilled lizards
  3 rats
638 creatures vanquished.

Vanquished Creatures (others)
  5 bushes (D:10)
  31 fungi
  51 plants
  2 withered plants (Lair:6)
89 creatures vanquished.

Grand Total: 727 creatures vanquished

Notes
Turn   | Place    | Note
-------+----------+-------------------------------------------
     0 | D:1      | diecastcamel the Troll Fighter began the quest for the Orb.
     0 | D:1      | Reached XP level 1. HP: 22/22 MP: 0/0
    91 | D:1      | Reached XP level 2. HP: 29/29 MP: 1/1
   226 | D:1      | Reached skill level 3 in Unarmed Combat
   389 | D:1      | Reached XP level 3. HP: 36/36 MP: 2/2
  1010 | D:2      | Reached skill level 4 in Unarmed Combat
  1240 | D:2      | Reached XP level 4. HP: 44/44 MP: 3/3
  1766 | D:3      | Found a faded altar of an unknown god.
  1766 | D:3      | Noticed a tormentor
  1853 | D:3      | Found a glowing drain.
  1866 | D:3      | Reached skill level 5 in Unarmed Combat
  1874 | Sewer    | Entered a sewer
  1936 | Sewer    | Noticed a water moccasin
  1943 | Sewer    | Killed a water moccasin
  1944 | Sewer    | Reached skill level 6 in Unarmed Combat
  1944 | Sewer    | Reached XP level 5. HP: 39/50 MP: 4/4
  2063 | D:3      | Found Mauryl's Weapon Emporium.
  2381 | D:4      | Reached XP level 6. HP: 54/59 MP: 5/5
  2445 | D:4      | Found an iron altar of Okawaru.
  2445 | D:4      | Found a broken altar of Ashenzari.
  2744 | D:4      | Reached skill level 7 in Unarmed Combat
  2821 | D:4      | Noticed Robin
  2827 | D:4      | Killed Robin
  3016 | D:4      | Noticed Grinder
  3028 | D:4      | Paralysed by Grinder for 6 turns
  3040 | D:4      | Paralysed by Grinder for 3 turns
  3045 | D:4      | Killed Grinder
  3046 | D:4      | Reached skill level 8 in Unarmed Combat
  3046 | D:4      | Reached XP level 7. HP: 50/66 MP: 6/6
  3242 | D:4      | Found a bloodstained altar of Trog.
  3255 | D:5      | Entered Level 5 of the Dungeon
  3255 | D:5      | Found a blossoming altar of Fedhas.
  3354 | D:5      | Found Soruh's Distillery.
  3493 | D:4      | Became a worshipper of Warmaster Okawaru
  3643 | D:5      | Reached skill level 9 in Unarmed Combat
  3703 | D:5      | Found a glowing silver altar of Zin.
  3859 | D:6      | Reached XP level 8. HP: 67/74 MP: 7/7
  3949 | D:6      | Reached * piety under Okawaru
  3950 | D:6      | Reached skill level 10 in Unarmed Combat
  4247 | D:6      | Reached skill level 1 in Throwing
  4799 | D:7      | Noticed Prince Ribbit
  4804 | D:7      | Killed Prince Ribbit
  4804 | D:7      | Reached ** piety under Okawaru
  4821 | D:7      | Noticed a gargoyle
  4827 | D:7      | Killed a gargoyle
  4828 | D:7      | Reached XP level 9. HP: 77/83 MP: 8/8
  4877 | D:7      | Found a staircase to the Ecumenical Temple.
  4960 | D:7      | Reached *** piety under Okawaru
  5950 | D:8      | Found Duvvuug's Antique Weapon Boutique.
  6037 | D:8      | Noticed an orange demon
  6037 | D:8      | Noticed Amaemon
  6048 | D:8      | Killed Amaemon
  6065 | D:8      | Found a shadowy altar of Dithmenos.
  6156 | D:8      | Reached skill level 11 in Unarmed Combat
  6286 | D:8      | Found Xoffen's Distillery.
  6295 | D:8      | Reached XP level 10. HP: 87/94 MP: 9/9
  6437 | D:8      | Found a hide-covered altar of Uskayaw.
  6438 | D:8      | Found an ornate altar of the Wu Jian Council.
  6448 | D:8      | Killed an orange demon
  6448 | D:8      | Reached **** piety under Okawaru
  6448 | D:8      | Received a gift from Okawaru
  6647 | D:8      | Found Xecir's Book Shop.
  6724 | D:8      | Found Rek Fone's Armour Emporium.
  6734 | D:8      | Bought a +0 cloak for 58 gold pieces
  6771 | D:8      | Noticed a two-headed ogre
  6778 | D:8      | Killed a two-headed ogre
  6779 | D:8      | Reached skill level 5 in Fighting
  6779 | D:8      | Reached skill level 5 in Dodging
  6779 | D:8      | Reached skill level 5 in Shields
  7087 | D:9      | Reached skill level 5 in Throwing
  7194 | D:9      | Reached ***** piety under Okawaru
  7454 | D:9      | Noticed Grum
  7485 | D:9      | Killed Grum
  7613 | D:9      | Received a gift from Okawaru
  7656 | D:9      | Found an opulent altar of Gozag.
  7686 | D:9      | Found a burning altar of Makhleb.
  7691 | D:9      | Found a basalt altar of Yredelemnul.
  8091 | D:10     | Entered Level 10 of the Dungeon
  8107 | D:10     | Reached XP level 11. HP: 102/105 MP: 10/10
  8328 | D:10     | Noticed Maurice
  8336 | D:10     | Received a gift from Okawaru
  8350 | D:10     | Killed Maurice
  8392 | D:10     | Found a radiant altar of Vehumet.
  8419 | D:10     | Found a staircase to the Lair.
  8442 | D:10     | Found a staircase to the Orcish Mines.
  8587 | D:10     | Reached skill level 12 in Unarmed Combat
  8877 | D:10     | Received a gift from Okawaru
  8972 | D:10     | Found a white marble altar of Elyvilon.
  9468 | D:11     | Received a gift from Okawaru
  9733 | Lair:1   | Entered Level 1 of the Lair of Beasts
  9813 | Lair:1   | Reached skill level 1 in Armour
  9838 | Lair:1   | Reached ****** piety under Okawaru
 10121 | Lair:1   | Reached XP level 12. HP: 108/115 MP: 11/11
 10154 | Lair:1   | Received a gift from Okawaru
 10425 | Lair:1   | Received a gift from Okawaru
 10428 | Lair:1   | Found the +8 whip "Snakebite" {venom, curare, rPois}
 10946 | Lair:2   | Noticed a four-headed hydra
 11003 | Lair:1   | Killed a four-headed hydra
 11152 | Lair:2   | Noticed a five-headed hydra
 11158 | Lair:2   | Noticed a boulder beetle
 11160 | Lair:2   | Killed a five-headed hydra
 11160 | Lair:2   | Received a gift from Okawaru
 11185 | Lair:2   | Killed a boulder beetle
 11186 | Lair:2   | Reached skill level 13 in Unarmed Combat
 11541 | Lair:2   | Found a hole to the Spider Nest.
 11803 | Lair:2   | Identified the +1 hat of Cuyjoj Raer {rF+ Regen+} (Okawaru
                  | gifted it to you on level 2 of the Lair of Beasts)
 11803 | Lair:2   | Received a gift from Okawaru
 11863 | Lair:2   | Found a staircase to the Swamp.
 11953 | Lair:2   | Identified the +8 short sword of Fuacw {drain, rC++ rN+
                  | rCorr Int-4}
 12250 | Lair:3   | Noticed Rupert
 12381 | Lair:3   | Reached XP level 13. HP: 122/127 MP: 12/12
 12594 | Lair:3   | Found a snail-covered altar of Cheibriados.
 13446 | Lair:4   | Noticed a fire dragon
 13452 | Lair:4   | Killed a fire dragon
 13452 | Lair:4   | Received a gift from Okawaru
 13477 | Lair:4   | Identified the +4 great mace "Uranaf" {vamp, rF+ rC+
                  | Will++}
 13479 | Lair:4   | Identified the ring "Idumahud" {Ice Will+}
 13649 | Lair:4   | Reached skill level 5 in Armour
 14422 | Lair:5   | Found a staircase to the Slime Pits.
 14814 | Lair:5   | Reached skill level 14 in Unarmed Combat
 15236 | Lair:6   | Entered Level 6 of the Lair of Beasts
 15519 | Lair:6   | Found a runed translucent door.
 15606 | Lair:6   | Noticed Gicorar's ghost (journeyman GrEE)
 15733 | Lair:6   | Received a gift from Okawaru
 15733 | Lair:6   | Found the +4 skin of Zhor {*Englaciate rC+++ SInv}
 15747 | Lair:6   | Reached XP level 14. HP: 136/140 MP: 13/13
 16654 | Lair:6   | Reached skill level 10 in Throwing
 16686 | Lair:6   | Received a gift from Okawaru
 16751 | Lair:6   | Identified the +1 robe of Insecurity {rElec} (Okawaru
                  | gifted it to you on level 6 of the Lair of Beasts)
 16751 | Lair:6   | Received a gift from Okawaru
 16820 | Lair:6   | Found a corrupted altar of Lugonu.
 16820 | Lair:6   | Found a one-way gate to the infinite horrors of the Abyss.
 17451 | Orc:1    | Entered Level 1 of the Orcish Mines
 17831 | Orc:1    | Found Weguphoe's Magic Scroll Boutique.
 17835 | Orc:1    | Upgraded the game from 0.29-a0-364-g921d912d32 to
                  | 0.29-a0-369-gd956c00756
 18226 | Orc:2    | Entered Level 2 of the Orcish Mines
 18292 | Orc:2    | Found a staircase to the Elven Halls.
 18534 | Orc:2    | Reached skill level 10 in Fighting
 18534 | Orc:2    | Reached skill level 15 in Unarmed Combat
 18574 | Orc:2    | Noticed Donald
 18662 | Orc:2    | Killed Donald
 18841 | Orc:2    | Found Usam's General Store.
 18861 | Orc:2    | Found Tenyuse's Antique Armour Emporium.
 18921 | Orc:2    | Reached XP level 15. HP: 106/149 MP: 14/14
 18966 | Orc:2    | Received a gift from Okawaru
 19077 | Orc:2    | Found Loesch's Antique Weapon Shop.
 19086 | Orc:2    | Found Duupa's Jewellery Shoppe.
 19234 | Orc:2    | Bought a potion of haste for 120 gold pieces
 19234 | Orc:2    | Bought a scroll of teleportation for 36 gold pieces
 19289 | Orc:1    | Bought a scroll of teleportation for 45 gold pieces
 19289 | Orc:1    | Bought a scroll of teleportation for 45 gold pieces
 19289 | Orc:1    | Bought a scroll of blinking for 112 gold pieces
 19289 | Orc:1    | Bought a scroll of blinking for 112 gold pieces
 19343 | D:8      | Bought a manual of Dodging for 880 gold pieces
 19443 | Spider:1 | Entered Level 1 of the Spider Nest
 19488 | Lair:2   | HP: 7/152 [entropy weaver (3)]
 19488 | Lair:2   | Slain by an entropy weaver

Illustrated notes

Levels and vault maps discovered:
D:1:      minmay_arrival_four_circles, layout_loops_ring
D:2:      layout_basic
D:3:      layout_rooms, portal_sewer_entry_c,
          dreamdust_ecumenical_altar_sealed_demon, serial_shops,
          nicolae_shop_bloodbath_and_beyond
D:4:      kennysheep_goblin_castle, layout_rooms,
          nicolae_overflow_hidden_temple, due_unseen_surprise, uniq_grinder
D:5:      layout_rooms, pf_just_have_faith, mainiacjoe_overflow_alcove_1,
          serial_shops, nicolae_lakefront_shop
D:6:      layout_basic, amcnicky_mini_rare_corridor_liquid
D:7:      layout_basic, minmay_temple_entry_trees,
          chequers_serial_rivers_small_3, minmay_misc_feat_rows,
          uniq_prince_ribbit1
D:8:      layout_loops_corners, lemuel_tele_altar,
          mainiacjoe_overflow_divided_tiny, serial_shops, nicolae_diamond_shop,
          shop, shop_statue, nicolae_take_the_stairs, uniq_amaemon
D:9:      layout_roguey [special_room_orc], minmay_overflow_temple_star_quad,
          uniq_grum
D:10:     layout_big_octagon, vehumet_altar_wand_db, lemuel_crystal_altar,
          minmay_lair_entry_grove, david_orc_3, serial_ice, serial_ice_m,
          serial_ice_h, serial_ice_n, serial_ice_g, uniq_maurice
D:11:     layout_roguey
Lair:1:   minmay_guarded_unrand_snakebite, layout_concentric_octagons,
          grunt_megastairs_4
Lair:2:   layout_roguey, swamp_mist, hellmonk_spider_entry_life_and_decay
Lair:3:   layout_misc_corridors, basic_altar, beast_lair_carwin_2, uniq_rupert
Lair:4:   dragon1_lemuel, layout_layer_cave, kennysheep_basilisk_garden
Lair:5:   layout_regular_city, dpeg_slime_entry_corner, serial_bayou_crossing
Lair:6:   hellmonk_lair_end_abyssal_woods, layout_regular_city,
          gammafunk_ghost_grave, amcnicky_mini_pool_medium
Spider:1: layout_spider_delve
Orc:1:    layout_caves, serial_shops, shop_coins
Orc:2:    st_orc_open, layout_diamond_mine, basic_altar, uniq_donald

Skill      XL: |  1  2  3  4  5  6  7  8  9 10 11 12 13 14 |
---------------+-------------------------------------------+-----
Unarmed Combat | 3 4 6 8 9 10 11 12 13 14 15 | 15.3
Throwing       | 2 4 5 6 8 9 10 | 10.0
Dodging        | 3 4 5 6 8 9 |  9.6
Fighting       | 3 4 5 6 7 9 10 | 10.4
Shields        | 3 4 5 6 8 |  8.0
Armour         | 1 4 6 7 |  7.9

Action                   |  1- 3 |  4- 6 |  7- 9 | 10-12 | 13-15 || total
-------------------------+-------+-------+-------+-------+-------++-------
Melee: Unarmed           |    76 |   168 |   171 |   649 |  1026 ||  2090
       Whip              |       |       |       |    26 |    29 ||    55
Throw: Stone             |     9 |    16 |    14 |       |       ||    39
       Large rock        |       |     1 |    19 |    36 |    18 ||    74
       Dart              |       |       |       |     3 |       ||     3
       Boomerang         |       |       |       |     1 |       ||     1
       Javelin           |       |       |       |       |     5 ||     5
Invok: Heroism           |       |       |       |       |     2 ||     2
Evoke: Wand              |       |     2 |     8 |     2 |     1 ||    13
  Use: Potion            |     1 |     1 |       |     1 |       ||     3
       Scroll            |     4 |     4 |     6 |     9 |    10 ||    33
 Stab: Sleeping          |       |       |     1 |       |       ||     1
Armor: Robe              |    16 |    48 |    48 |    70 |       ||   182
       Acid dragon scale |       |       |       |   148 |   108 ||   256
       Fire dragon scale |       |       |       |       |   251 ||   251
Dodge: Dodged            |    19 |    46 |    58 |   253 |   333 ||   709
Block: Kite shield       |    15 |    55 |    40 |   322 |   625 ||  1057
       Reflection        |       |       |       |     1 |     8 ||     9

Table legend: (Time is in decaauts)
 A = Elapsed time spent in this place.
 B = Non-inter-level travel time spent in this place.
 C = Inter-level travel time spent in this place.
 D = Time resting spent in this place.
 E = Time spent auto-exploring this place.
 F = Levels seen in this place.
 G = Mean time per level.
                   A        B        C        D        E       F      G
               +--------+--------+--------+--------+--------+-----+--------+
         Total |  19404 |  17589 |   1815 |   1049 |  10373 |  21 |  924.0 |
       Dungeon |  10153 |   9268 |    885 |    562 |   5658 |  11 |  923.0 |
          Lair |   7656 |   6880 |    776 |    451 |   4107 |   6 | 1276.0 |
   Spider Nest |     29 |     29 |      0 |      0 |      2 |   1 |   29.0 |
  Orcish Mines |   1405 |   1252 |    153 |     19 |    542 |   2 |  702.5 |
         Sewer |    159 |    159 |      0 |     17 |     63 |   1 |  159.0 |
               +--------+--------+--------+--------+--------+-----+--------+

Top non-repeatable levels by time:
  Lair:6: 1991 daAuts
    D:10: 1461 daAuts
  Lair:2: 1358 daAuts
  Lair:1: 1319 daAuts
  Lair:4: 1244 daAuts
     D:8: 1234 daAuts
     D:7: 1092 daAuts
     D:6: 1041 daAuts
     D:9: 1026 daAuts
     D:4: 978 daAuts
  Lair:5: 971 daAuts
     D:2: 964 daAuts
   Orc:2: 920 daAuts
  Lair:3: 772 daAuts
     D:1: 768 daAuts
